 Dungeon Crawl Stone Soup version 0.31-a0-819-gf6de2f5ab6 (webtiles) character file.

Game seed: 9521165866361879216

620 qw the Shooter (level 7, 0/47 HPs)
             Began as a Gargoyle Hunter on Sept 23, 2023.
             Killed by divine providence
             ... invoked by an orc priest
              (7 damage)
             ... on level 5 of the Dungeon.
             The game lasted 00:01:42 (3589 turns).

qw the Shooter (Gargoyle Hunter)                    Turns: 3589, Time: 00:01:42

Health: 0/47       AC: 17    Str: 15    XL:     7   Next: 46%
Magic:  0/7        EV: 11    Int:  9    God:
Gold:   217        SH:  0    Dex: 15    Spells: 6/6 levels left

rFire   . . .        Y - +0 shortbow
rCold   + . .        (shield currently unavailable)
rNeg    + . .        i - +0 ring mail
rPois   inf          (no helmet)
rElec   +            h - +0 cloak
rCorr   .            f - +2 pair of gloves
SInv    .            e - +1 pair of boots
Will    .....        m - amulet of guardian spirit
Stlth   +            b - ring of protection from cold
HPRegen 0.27/turn    (no ring)
MPRegen 0.10/turn

%: guardian spirit
@: about to teleport
A: sickness immunity, AC +4, negative energy resistance 1, electricity
resistance, torment resistance 1, petrification resistance, robust 1
a: no special abilities


You were on level 5 of the Dungeon.
You visited 1 branch of the dungeon, and saw 5 of its levels.

You collected 217 gold pieces.


Innate Abilities, Weirdness & Mutations

You are immune to sickness and miasma.
Your stone body is resilient. (AC +4)
You are immune to poison.
You resist negative energy. (rN+)
You are resistant to electric shocks. (rElec)
You are resistant to unholy torment.
You are immune to petrification.
You are robust. (+10% HP)


   Skills:
 - Level 4.2 Fighting
 + Level 7.4 Ranged Weapons
 - Level 3.3 Armour
 - Level 1.5 Dodging
 - Level 1.1 Stealth


You had 6 spell levels left.
You didn't know any spells.
Your spell library was empty.

Inventory:

Hand Weapons
 Y - a +0 shortbow (weapon)
Armour
 e - a +1 pair of boots (worn)
 f - a +2 pair of gloves (worn)
 h - a +0 cloak (worn)
 i - a +0 ring mail (worn)
Jewellery
 b - a ring of protection from cold (left hand)
 d - a ring of protection from fire
 m - an amulet of guardian spirit (around neck)
Scrolls
 g - a scroll of identify
Potions
 a - a potion of mutation
 j - a potion of cancellation
 k - 2 potions of curing
 l - a potion of might {unknown}

Dungeon Overview and Level Annotations

Branches:
Dungeon (5/15)
 Temple: D:4-7

Altars:
Gozag
Kikubaaqudgha
Ru
Sif Muna
Uskayaw
Wu Jian
Xom


Message History

The orc priest's wounds heal themselves!
You shoot an arrow.
The arrow hits the orc priest but does no damage.
The orc priest hits you but does no damage.
The orc priest looks braver for a moment.
You shoot an arrow.
The arrow hits the orc priest but does no damage.
The orc priest hits you but does no damage.
You shoot an arrow.
The arrow hits the orc priest but does no damage.
The orc priest invokes the aid of Beogh against you.
Pain shoots through your body! The orc priest hits you with a +0 mace.
You shoot an arrow. The arrow hits the orc priest.
The orc priest is moderately wounded.
The orc priest hits you but does no damage.
You shoot an arrow.
The arrow closely misses the orc priest.
The arrow hits the orc priest.
The orc priest is moderately wounded.
The orc priest completely misses you.
The orc priest calls upon Beogh to heal the orc priest.
The orc priest's wounds heal themselves!
You shoot an arrow. The arrow hits the orc priest.
The orc priest is moderately wounded.
The orc priest invokes the aid of Beogh against you.
Beogh smites you!
3587 ||| READING scroll of teleportation.
As you read the scroll of teleportation, it crumbles to dust.
You feel strangely unstable. The orc priest closely misses you.
You shoot an arrow.
The arrow hits the orc priest but does no damage.
The orc priest is moderately wounded.
The orc priest hits you with a +0 mace.
You shoot an arrow.
The arrow hits the orc priest but does no damage.
The orc priest is moderately wounded.
The orc priest mumbles some strange prayers to Beogh against you.
Beogh smites you!
You die...

##########################
..........%.....@oo.......
##################h.######
..## o### .. #. #.


o You could see a hound and 2 orc priests.

Vanquished Creatures
  A black bear (D:4)
  An ogre (D:4)
  A phantom (D:4)
  2 scorpions (D:5)
  2 orc priests
  An iguana (D:4)
  7 adders
  An ufetubus (D:5)
  6 worms
  A dart slug (D:4)
  12 orcs
  6 ball pythons
  5 endoplasms
  6 giant cockroaches
  3 goblins
  5 hobgoblins
  2 jackals (D:4)
  6 bats
  A frilled lizard (D:2)
  10 kobolds
  6 rats
85 creatures vanquished.

Notes
Turn   | Place    | Note
-------+----------+-------------------------------------------
     0 | D:1      | qw the Gargoyle Hunter began the quest for the Orb.
     0 | D:1      | Reached XP level 1. HP: 12/12 MP: 1/1
     0 | D:1      | 0 ||| qw: Version: 0.3-a-83-gcd0e7d8
     0 | D:1      | 0 ||| qw: Game counter: 1507
     0 | D:1      | 0 ||| qw: Melee chars always use a shield: true
     0 | D:1      | 0 ||| qw: God list: Okawaru
     0 | D:1      | 0 ||| qw: Allow faded altars: false
     0 | D:1      | 0 ||| qw: Do Orc after clearing Dungeon:15 true
     0 | D:1      | 0 ||| qw: Do second Lair branch before Depths: true
     0 | D:1      | 0 ||| qw: Lair rune preference: random
     0 | D:1      | 0 ||| qw: Goals: Normal
     0 | D:1      | 0 ||| PLANNING D:1-11
   195 | D:1      | Reached XP level 2. HP: 17/17 MP: 2/2
   500 | D:1      | Reached XP level 3. HP: 21/21 MP: 3/3
   813 | D:1      | 813 ||| UPGRADING to +0 pair of boots.
   818 | D:1      | 818 ||| DROPPING ring of magical power.
   819 | D:1      | 819 ||| READING scroll labelled ZAKAEK BIKYCS.
   820 | D:1      | 820 ||| READING scroll labelled CIFYUB ZAOTRE.
   821 | D:1      | 821 ||| READING scroll labelled GYENEJ RUILE.
   837 | D:1      | 837 ||| DROPPING scroll of butterflies.
   897 | D:2      | Reached skill level 5 in Ranged Weapons
  1139 | D:2      | Found a shimmering altar of Xom.
  1235 | D:2      | Reached skill level 3 in Fighting
  1235 | D:2      | Reached XP level 4. HP: 28/28 MP: 4/4
  1359 | D:2      | 1359 ||| UPGRADING to +2 pair of gloves.
  1364 | D:2      | 1364 ||| UPGRADING to +0 cloak.
  1369 | D:2      | 1369 ||| READING scroll labelled YPSEYR COEGG.
  1370 | D:2      | 1370 ||| READING scroll labelled DAMOAB MOTS.
  1371 | D:2      | 1371 ||| DRINKING 2 blue potions.
  1372 | D:2      | 1372 ||| READING 2 scrolls of identify.
  1372 | D:2      | 1372 ||| IDENTIFYING black potion
  1373 | D:2      | 1373 ||| DROPPING potion of brilliance.
  1430 | D:3      | Found a shimmering altar of Xom.
  1442 | D:3      | Found a shimmering blue altar of Sif Muna.
  1589 | D:3      | Found a hide-covered altar of Uskayaw.
  1592 | D:3      | 1592 ||| READING scroll of enchant armour.
  1592 | D:3      | 1592 ||| ENCHANTING +0 pair of boots.
  1597 | D:3      | 1597 ||| UPGRADING to +0 ring mail.
  1633 | D:3      | 1633 ||| DROPPING +0 leather armour.
  1639 | D:3      | Found an ancient bone altar of Kikubaaqudgha.
  1708 | D:3      | Found an ornate altar of the Wu Jian Council.
  1710 | D:3      | Found an opulent altar of Gozag.
  1749 | D:3      | Reached skill level 1 in Armour
  1794 | D:3      | Found a sacrificial altar of Ru.
  2274 | D:3      | 2274 ||| UPGRADING to amulet of guardian spirit.
  2279 | D:3      | 2279 ||| UPGRADING to ring of protection from cold.
  2280 | D:3      | 2280 ||| READING scroll labelled ARHU OQUATZE.
  2281 | D:3      | 2281 ||| READING scroll labelled XODIENO KUHAF.
  2282 | D:3      | 2282 ||| DRINKING 2 fuming grey potions.
  2283 | D:3      | 2283 ||| READING 2 scrolls of identify.
  2283 | D:3      | 2283 ||| IDENTIFYING bubbling blue potion
  2284 | D:3      | 2284 ||| DROPPING potion of invisibility.
  2370 | D:4      | Reached XP level 5. HP: 32/32 MP: 3/5
  2535 | D:4      | 2535 ||| READING scroll labelled QYFADW NEHA.
  2536 | D:4      | 2536 ||| DRINKING 2 glowing grey potions.
  2536 | D:4      | Gained mutation: You are robust. (+10% HP) [potion of
                  | mutation]
  2545 | D:4      | 2545 ||| READING 2 scrolls of identify.
  2545 | D:4      | 2545 ||| IDENTIFYING amethyst potion
  2546 | D:4      | 2546 ||| DROPPING potion of berserk rage.
  2548 | D:4      | 2548 ||| FLEEEEING.
  2549 | D:4      | 2549 ||| FLEEEEING.
  2550 | D:4      | 2550 ||| FLEEEEING.
  2551 | D:4      | 2551 ||| FLEEEEING.
  2552 | D:4      | 2552 ||| FLEEEEING.
  2553 | D:4      | 2553 ||| FLEEEEING.
  2554 | D:4      | 2554 ||| FLEEEEING.
  2555 | D:4      | 2555 ||| FLEEEEING.
  2556 | D:4      | 2556 ||| FLEEEEING.
  2557 | D:4      | 2557 ||| FLEEEEING.
  2558 | D:4      | 2558 ||| FLEEEEING.
  2559 | D:4      | 2559 ||| FLEEEEING.
  2560 | D:4      | 2560 ||| FLEEEEING.
  2561 | D:4      | 2561 ||| FLEEEEING.
  2562 | D:4      | 2562 ||| FLEEEEING.
  2563 | D:4      | 2563 ||| FLEEEEING.
  2564 | D:4      | 2564 ||| FLEEEEING.
  2565 | D:4      | 2565 ||| FLEEEEING.
  2566 | D:4      | 2566 ||| FLEEEEING.
  2567 | D:4      | 2567 ||| FLEEEEING.
  2568 | D:4      | 2568 ||| FLEEEEING.
  2569 | D:4      | 2569 ||| FLEEEEING.
  2571 | D:4      | 2571 ||| FLEEEEING.
  2572 | D:4      | 2572 ||| STAIRDANCE
  2582 | D:4      | HP: 8/35 [iguana (9)]
  2584 | D:4      | Reached skill level 6 in Ranged Weapons
  2584 | D:4      | 2584 ||| STAIRDANCE
  2692 | D:4      | 2692 ||| STAIRDANCE
  2696 | D:4      | 2696 ||| STAIRDANCE
  2700 | D:4      | 2700 ||| STAIRDANCE
  2704 | D:4      | 2704 ||| STAIRDANCE
  2708 | D:4      | 2708 ||| STAIRDANCE
  2712 | D:4      | 2712 ||| STAIRDANCE
  2716 | D:4      | 2716 ||| STAIRDANCE
  2726 | D:4      | 2726 ||| STAIRDANCE
  2730 | D:4      | 2730 ||| STAIRDANCE
  2734 | D:4      | 2734 ||| STAIRDANCE
  2738 | D:4      | 2738 ||| STAIRDANCE
  2742 | D:4      | 2742 ||| STAIRDANCE
  2746 | D:4      | 2746 ||| STAIRDANCE
  2750 | D:4      | 2750 ||| STAIRDANCE
  2754 | D:4      | 2754 ||| STAIRDANCE
  2758 | D:4      | 2758 ||| STAIRDANCE
  2762 | D:4      | 2762 ||| STAIRDANCE
  2766 | D:4      | 2766 ||| STAIRDANCE
  2808 | D:4      | 2808 ||| FLEEEEING.
  2809 | D:4      | 2809 ||| FLEEEEING.
  2810 | D:4      | 2810 ||| FLEEEEING.
  2811 | D:4      | 2811 ||| FLEEEEING.
  2812 | D:4      | 2812 ||| FLEEEEING.
  2813 | D:4      | 2813 ||| FLEEEEING.
  2814 | D:4      | 2814 ||| FLEEEEING.
  2815 | D:4      | 2815 ||| FLEEEEING.
  2816 | D:4      | 2816 ||| FLEEEEING.
  2817 | D:4      | 2817 ||| READING scroll labelled HIMOQO BAKHOMN.
  2862 | D:4      | 2862 ||| FLEEEEING.
  2882 | D:4      | 2882 ||| FLEEEEING.
  2883 | D:4      | 2883 ||| FLEEEEING.
  2884 | D:4      | 2884 ||| FLEEEEING.
  2885 | D:4      | 2885 ||| FLEEEEING.
  2886 | D:4      | 2886 ||| FLEEEEING.
  2887 | D:4      | 2887 ||| FLEEEEING.
  2888 | D:4      | 2888 ||| FLEEEEING.
  2889 | D:4      | 2889 ||| FLEEEEING.
  2890 | D:4      | 2890 ||| FLEEEEING.
  2891 | D:4      | 2891 ||| FLEEEEING.
  2956 | D:4      | Noticed an ogre
  2966 | D:4      | HP: 2/35 [ogre/+0 giant club (17)]
  2967 | D:4      | Killed an ogre
  2968 | D:4      | Reached skill level 3 in Armour
  2968 | D:4      | Reached XP level 6. HP: 2/40 MP: 0/6
  3113 | D:4      | Noticed a black bear
  3115 | D:4      | 3115 ||| RETREEAATING.
  3116 | D:4      | 3116 ||| STILL RETREEAATING.
  3123 | D:4      | Killed a black bear
  3155 | D:4      | HP: 10/41 [orc/+0 morningstar (3)]
  3159 | D:4      | Reached XP level 7. HP: 13/47 MP: 1/7
  3161 | D:4      | HP: 9/47 [orc/+0 morningstar (4)]
  3464 | D:4      | 3464 ||| READING scroll labelled UTISTR SIBEEMM.
  3476 | D:5      | Entered Level 5 of the Dungeon
  3497 | D:5      | Reached skill level 7 in Ranged Weapons
  3572 | D:5      | 3572 ||| Stepping ~*~*~tactically~*~*~ (retreating).
  3577 | D:5      | 3577 ||| Stepping ~*~*~tactically~*~*~ (retreating).
  3586 | D:5      | HP: 10/47 [orc priest/divine providence (10)]
  3587 | D:5      | 3587 ||| READING scroll of teleportation.
  3589 | D:5      | Killed from afar by an orc priest

Levels and vault maps discovered:
D:1:      eino_arrival_water_star, layout_basic, minmay_distorted
D:2:      layout_basic, basic_altar
D:3:      layout_basic, nicolae_overflow_hidden_temple,
          mainiacjoe_overflow_large_starburst, minmay_tree_intersection,
          grunt_decor_one_mirror, hangedman_decor_points
D:4:      layout_cave_pools, minmay_misc_feat_chi
D:5:      wad_woods_stonehenge, layout_basic, serial_shops, shop

Skill      XL: |  1  2  3  4  5  6  7 |
---------------+----------------------+-----
Ranged Weapons | 5 6 7 |  7.4
Fighting       | 3 4 |  4.2
Armour         | 1 3 |  3.3
Dodging        | |  1.5
Stealth        | |  1.1

Action                     |  1- 3 |  4- 6 |  7- 9 || total
---------------------------+-------+-------+-------++-------
   Fire: Shortbow          |   112 |   178 |    44 ||   334
    Use: Scroll            |     3 |    10 |     2 ||    15
         Potion            |       |     3 |       ||     3
 Armour: Leather armour    |    32 |     1 |       ||    33
         Ring mail         |       |   106 |    23 ||   129
         Skin              |       |     2 |       ||     2
  Dodge: Dodged            |    35 |   100 |    16 ||   151

Table legend:
 A = Non-vault XP
 B = Vault XP
 C = Vault XP percentage of total XP
 D = Non-vault monster count
 E = Vault monster count
 F = Vault count percentage of total count
                 A         B        C        D         E       F
            +---------+---------+-------+---------+---------+-------
      Total |     887 |       0 |   0.0 |      85 |       0 |   0.0
            +---------+---------+-------+---------+---------+-------
        D:1 |      37 |       0 |   0.0 |      22 |       0 |   0.0
        D:2 |      49 |       0 |   0.0 |      12 |       0 |   0.0
        D:3 |      51 |       0 |   0.0 |      17 |       0 |   0.0
        D:4 |     528 |       0 |   0.0 |      29 |       0 |   0.0
        D:5 |     222 |       0 |   0.0 |       5 |       0 |   0.0
            +---------+---------+-------+---------+---------+-------
